 Dungeon Crawl Stone Soup version 0.30-a0-297-g0ec75d9ef4 (webtiles) character file.

Game seed: 13509446457137697081

46 Iusername the Trooper (level 3, -7/33 HPs)
             Began as a Draconian Fighter on Oct 19, 2022.
             Mangled by a worm (8 damage)
             ... on level 2 of the Dungeon.
             The game lasted 00:00:53 (1074 turns).

Iusername the Trooper (Draconian Fighter)           Turns: 1074, Time: 00:00:54

Health: -7/33      AC:  5    Str: 20    XL:     3   Next: 44%
Magic:  3/3        EV: 12    Int:  8    God:
Gold:   91         SH:  4    Dex: 10    Spells: 2/2 levels left

rFire   . . .      SeeInvis .    a - +0 war axe
rCold   . . .      Faith    .    b - +0 buckler
rNeg    . . .      Spirit   .    (body armour unavailable)
rPois   .          Reflect  .    (helmet restricted)
rElec   .          Harm     .    (no cloak)
rCorr   .          Rampage  .    (no gloves)
Will    .....                    (no boots)
Stlth   +.........               (no amulet)
HPRegen 0.25/turn                (no ring)
MPRegen 0.08/turn                (no ring)

@: slowed, very slow
A: AC +5, unfitting armour, cold-blooded
a: no special abilities


You were on level 2 of the Dungeon.
You visited 1 branch of the dungeon, and saw 2 of its levels.

You collected 91 gold pieces.

Inventory:

Hand Weapons
 a - a +0 war axe (weapon)
Armour
 b - a +0 buckler (worn)
Wands
 j - a wand of flame (11)
Scrolls
 d - a scroll of magic mapping {unknown}
 e - 2 scrolls of teleportation {unknown}
 f - a scroll of amnesia {unknown}
 g - a scroll of enchant weapon {unknown}
 h - a scroll of blinking {unknown}
 i - a scroll of identify {unknown}
Potions
 c - a potion of might


   Skills:
 + Level 3.8 Fighting
 + Level 2.5 Axes
 + Level 3.0 Dodging
 + Level 3.4 Shields


You had 2 spell levels left.
You didn't know any spells.
Your spell library was empty.

Dungeon Overview and Level Annotations

Branches:
Dungeon (2/15)

Altars:
Sif Muna


Innate Abilities, Weirdness & Mutations

Your plain brown scales are hard. (AC +5)
You cannot fit into any form of body armour.
You are cold-blooded and may be slowed by cold attacks.


Message History

The ball python constricts you.
A hobgoblin comes into view. It is quivering curare-tipped darts.
There are monsters nearby!
You closely miss the ball python.
The ball python bites you but does no damage.
The ball python constricts you.
The hobgoblin throws a curare-tipped dart.
The curare-tipped dart closely misses you.
The ball python closely misses you. The ball python constricts you.
There are monsters nearby!
You closely miss the ball python. You block the ball python's attack.
The ball python constricts you.
The hobgoblin throws a curare-tipped dart.
The curare-tipped dart hits you.
You are poisoned.
You have difficulty breathing.
You feel yourself slow down. You block the ball python's attack.
The ball python constricts you.
Okay, then.
You hit the ball python.
You kill the ball python!
You feel extremely sick.
You feel very sick.
You feel sick. You block the hobgoblin's attack. The hobgoblin hits you.
The worm bites you but does no damage.
You completely miss the hobgoblin. You slash the worm!
You feel sick.
The hobgoblin misses you. x2; The worm bites you.
* * * LOW HITPOINT WARNING * * *
You hit the hobgoblin.
The hobgoblin is lightly wounded.
You barely miss the worm.
* * * LOW HITPOINT WARNING * * *
You feel sick. The hobgoblin closely misses you. The worm barely misses you.
The hobgoblin hits you but does no damage.
Okay, then.
You closely miss the hobgoblin.
The hobgoblin is lightly wounded.
You hit the worm.
You feel sick.
You are no longer poisoned.
You block the hobgoblin's attack. The worm bites you!
You die...

#######.##.... #.##)##.
### #....... ..#
####.### #.# ##(## ###
#.# #...# ....####?###
#...# ....?....†.# #...#
......g@...# #####...##
....$...w.†####.........
.....>....†.............
...........####[....._..
......>....# ####.....(
...........# #......
#######.#.## #....#.
#.#.# #...... #..#.
#......


You could see a worm and a hobgoblin.

Vanquished Creatures
  A gnoll (D:1)
  3 dart slugs
  2 ball pythons
  4 bats
  3 endoplasms
  3 giant cockroaches
  5 goblins
  2 jackals (D:2)
  A frilled lizard (D:2)
  A kobold (D:2)
  3 rats
28 creatures vanquished.

Vanquished Creatures (others)
  2 fungi (D:2)
2 creatures vanquished.

Grand Total: 30 creatures vanquished

Notes
Turn   | Place    | Note
-------+----------+-------------------------------------------
     0 | D:1      | Iusername the Draconian Fighter began the quest for the
                  | Orb.
     0 | D:1      | Reached XP level 1. HP: 19/19 MP: 1/1
    36 | D:1      | Found Fapielao's General Store.
    73 | D:1      | Reached XP level 2. HP: 25/26 MP: 2/2
   363 | D:1      | Reached XP level 3. HP: 33/33 MP: 3/3
   840 | D:2      | Found a shimmering blue altar of Sif Muna.
  1074 | D:2      | HP: 1/33 [poisoned by a hobgoblin (curare-tipped dart)]
  1074 | D:2      | Mangled by a worm

Illustrated notes

Levels and vault maps discovered:
D:1:      amcnicky_arrival_feature_with_door, layout_loops_ring, serial_shops,
          shop
D:2:      layout_loops_cross, basic_altar, uniq_crazy_yiuf_cottage

Skill      XL: |  1  2 |
---------------+-------+-----
Dodging        | 3 |  3.0
Fighting       | |  3.8
Axes           | |  2.5
Shields        | |  3.4

Action                   || total
-------------------------++-------
Melee: War axe           ||    59
       Tailslap          ||     3
 Stab: Sleeping          ||     1
Armor: Skin              ||    14
Dodge: Dodged            ||    36
Block: Buckler           ||    14

Table legend: (Time is in decaauts)
 A = Elapsed time spent in this place.
 B = Non-inter-level travel time spent in this place.
 C = Inter-level travel time spent in this place.
 D = Time resting spent in this place.
 E = Time spent auto-exploring this place.
 F = Levels seen in this place.
 G = Mean time per level.
                   A        B        C        D        E       F      G
               +--------+--------+--------+--------+--------+-----+--------+
         Total |   1100 |   1069 |     31 |      0 |    884 |   2 |  550.0 |
       Dungeon |   1100 |   1069 |     31 |      0 |    884 |   2 |  550.0 |
               +--------+--------+--------+--------+--------+-----+--------+

Top non-repeatable levels by time:
     D:1: 658 daAuts
     D:2: 442 daAuts
